[Event "Titled Tuesday Blitz March 28 Late 2023"]
[White "Oro, Faustino"]
[Black "koncheto"]
[WhiteFideId "20000197"]
[WhiteElo "1984"]
[BlackElo "2474"]
[Result "1/2-1/2"]
[Round "07"]
[TimeControl "180+2"]
[Date "2023.03.28"]
[WhiteClock "0:00:03"]
[BlackClock "0:00:04"]

1. e4 c5 2. Nf3 d6 3. d4 cxd4 4. Nxd4 Nf6 5. Nc3 Nc6 6. Bg5 e6 7. Qd2 a6 8. O-O-O Bd7 9. f3 Be7 10. g4 Rc8 11. h4 b5 12. Nxc6 Bxc6 13. Kb1 h6 14. Be3 Nd7 15. Ne2 Ne5 16. Nd4 Bb7 17. Qf2 d5 18. Be2 Qc7 19. exd5 Bxd5 20. Rhe1 Nc6 21. Bf1 Bf6 22. Nxc6 Qxc6 23. g5 hxg5 24. hxg5 Be7 25. Bd4 Bxf3 26. Rd3 Bd5 27. Rc3 Qb7 28. Rxc8+ Qxc8 29. Bxg7 Rh1 30. Bd3 Rxe1+ 31. Qxe1 Bxg5 32. Qe5 Be7 33. Bh6 Qc5 34. Qh8+ Kd7 35. Bc1 Qg1 36. Qh6 Qg4 37. a3 Be4 38. Qe3 Bxd3 39. Qxd3+ Ke8 40. Qc3 Qe4 41. Qc8+ Bd8 42. Bg5 Qh1+ 43. Bc1 Qd5 44. Qxa6 f5 45. a4 bxa4 46. Qxa4+ Kf7 47. c4 Qd3+ 48. Ka1 Bf6 49. c5 Qf1 50. Qc2 Be5 51. c6 Qa6+ 52. Kb1 Bc7 53. b4 Qb5 54. Qb3 Ke7 55. Bg5+ Kd6 56. Qc3 e5 57. Bf6 Qxc6 58. Qxe5+ Kd7 59. Qxf5+ Qe6 60. Qb5+ Qc6 61. Qd3+ Kc8 62. Bc3 Bd6 63. Kb2 Kb7 64. Qf5 Qb6 65. Qd7+ Qc7 66. Qe8 Qb6 67. Kb3 Qc6 68. Qe6 Bc7 69. Qf7 Qb6 70. Be5 Kb8 71. Bc3 Bd6 72. Qd5 Qc7 73. b5 Bf4 74. Bd4 Bd6 75. b6 Qd7 76. Be5 Qh3+ 77. Bc3 Qg3 78. Qc6 Qf4 79. Kc2 Qf2+ 80. Kb3 Qf4 81. Kb2 Qf2+ 82. Kb3 Qf4 1/2-1/2


[Site "https://www.chess.com"]

[Event "Titled Tuesday Blitz March 28 Late 2023"]
[White "Olsson, William"]
[Black "Escalona Landi, Samid Eduardo"]
[WhiteFideId "1741721"]
[BlackFideId "3937437"]
[WhiteElo "2197"]
[BlackElo "2207"]
[Result "1-0"]
[Round "07"]
[TimeControl "180+2"]
[Date "2023.03.28"]
[WhiteClock "0:00:06"]
[BlackClock "0:00:02"]

1. c4 Nf6 2. g3 g6 3. Bg2 Bg7 4. Nf3 d6 5. O-O O-O 6. d4 c6 7. Nc3 Bf5 8. Re1 Ne4 9. Nh4 Nxc3 10. bxc3 Be6 11. d5 cxd5 12. cxd5 Bd7 13. Qb3 Na6 14. Be3 Qc7 15. Rac1 b6 16. Nf3 Nc5 17. Qa3 Rac8 18. Bd4 Ne4 19. Bxg7 Kxg7 20. c4 Qc5 21. Qb2+ Nf6 22. Nd4 Qa5 23. e4 Rxc4 24. Nc6 Bxc6 25. dxc6 Rc5 26. f4 e5 27. Red1 Rc8 28. Rxd6 Rxc1+ 29. Qxc1 Rc7 30. Rd5 Nxd5 31. exd5 Qb4 32. fxe5 Qd4+ 33. Kf1 Qxe5 34. Qf4 Qa1+ 35. Kf2 Qxa2+ 36. Kg1 Qb1+ 37. Bf1 Rc8 38. Qe5+ Kg8 39. d6 Rxc6 40. d7 1-0


[Site "https://www.chess.com"]

[Event "Titled Tuesday Blitz March 28 Late 2023"]
[White "WindWhistler11"]
[Black "Veiga, Jose Francisco R P Neves"]
[BlackFideId "1930087"]
[WhiteElo "2469"]
[BlackElo "2320"]
[Result "0-1"]
[Round "07"]
[TimeControl "180+2"]
[Date "2023.03.28"]
[WhiteClock "0:00:03"]
[BlackClock "0:00:10"]

1. Nf3 g6 2. g3 Bg7 3. Bg2 e5 4. c4 Ne7 5. Nc3 O-O 6. O-O Nbc6 7. b3 e4 8. Ng5 f5 9. Ba3 d6 10. Rc1 Ne5 11. d3 N7c6 12. dxe4 Qxg5 13. f4 Qd8 14. fxe5 Bxe5 15. c5 dxc5 16. Bxc5 Re8 17. exf5 Bxf5 18. Bd5+ Kg7 19. e4 Be6 20. Qf3 Qf6 21. Qe3 Bd4 22. Rxf6 Bxe3+ 23. Bxe3 Kxf6 24. Bh6 g5 25. Nb5 Rac8 26. h4 gxh4 27. gxh4 Kg6 28. Be3 a6 29. Nc3 Bxd5 30. Nxd5 Rxe4 31. Rc2 Rd8 32. Rg2+ Kf7 33. Rf2+ Ke6 34. Nxc7+ Kd7 35. Bb6 Rg8+ 36. Kf1 Ne5 37. Nd5 Kc6 38. Nf6 Rgg4 39. Nxe4 Rxe4 40. Bd8 Nd3 41. Rf6+ Kd7 42. Rf8 Re1+ 43. Kg2 Re2+ 44. Kg3 Rxa2 45. Bg5 Ne5 46. Rh8 Ke6 47. Kf4 Ng6+ 48. Kg4 Nxh8 49. Kh5 Nf7 50. Bf4 Ra3 0-1


[Site "https://www.chess.com"]

[Event "Titled Tuesday Blitz March 28 Late 2023"]
[White "Khandelwal, Ankush"]
[Black "Levine, Joseph"]
[WhiteFideId "413470"]
[BlackFideId "30940346"]
[WhiteElo "2263"]
[BlackElo "2351"]
[Result "1/2-1/2"]
[Round "07"]
[TimeControl "180+2"]
[Date "2023.03.28"]
[WhiteClock "0:00:24"]
[BlackClock "0:00:09"]

1. e4 e6 2. d4 d5 3. Nc3 Nf6 4. e5 Nfd7 5. f4 c5 6. Nf3 Nc6 7. Be3 cxd4 8. Nxd4 Bc5 9. Qd2 O-O 10. O-O-O a6 11. Qf2 Bxd4 12. Bxd4 b5 13. Be3 b4 14. Na4 Bb7 15. h4 Rc8 16. h5 Qa5 17. b3 Ne7 18. g4 d4 19. Rxd4 Bxh1 20. Rxd7 Nd5 21. Bc5 Rfd8 22. Rxd8+ Qxd8 23. Bxa6 Ra8 24. Bb7 Rxa4 25. bxa4 Nc3 26. Bf3 g5 27. Bxb4 Nxa2+ 28. Kb2 Bxf3 29. Kxa2 Qd5+ 30. Ka3 gxf4 31. h6 Be4 32. Qxf4 Bxc2 33. Qg5+ Bg6 34. Qc1 Qd3+ 35. Qc3 Qd8 36. Bd6 Qa8 37. Qb3 Be4 38. Qb8+ Qxb8 39. Bxb8 Kf8 40. Kb4 Ke7 41. Kc5 Kd7 42. Kb6 Bf3 43. g5 Kc8 44. Bd6 Be4 45. a5 Bf3 46. a6 Be4 47. a7 Bd5 48. Bc5 Be4 49. Bb4 Bd5 50. Bc5 Be4 51. Bd4 Bf3 52. Kc5 Kb7 53. Kd6 Bh5 54. Ke7 Bg6 55. Kf6 Ka8 56. Be3 Bh5 57. Bf2 Bg6 58. Kg7 Kb7 59. Be3 Ka8 60. Bd4 Kb7 61. Be3 Ka8 62. Bf2 Kb7 63. Be3 1/2-1/2


[Site "https://www.chess.com"]

[Event "Titled Tuesday Blitz March 28 Late 2023"]
[White "Urbina Perez, Juan Antonio"]
[Black "Karthik Rajaa"]
[WhiteFideId "2217368"]
[BlackFideId "25035215"]
[WhiteElo "2197"]
[BlackElo "2215"]
[Result "1-0"]
[Round "07"]
[TimeControl "180+2"]
[Date "2023.03.28"]
[WhiteClock "0:01:06"]
[BlackClock "0:00:06"]

1. c4 Nf6 2. g3 g6 3. Bg2 Bg7 4. Nc3 O-O 5. Nf3 d6 6. O-O c5 7. b3 Ne4 8. Bb2 Nxc3 9. Bxc3 Bxc3 10. dxc3 Nc6 11. e4 Bg4 12. h3 Bxf3 13. Bxf3 Qa5 14. Qd2 a6 15. h4 h5 16. Bxh5 Kg7 17. Bf3 Rh8 18. Bg2 Rh5 19. Bf3 Rh6 20. Rfe1 Rah8 21. Bg2 Qc7 22. Qd5 Rh5 23. Qd3 g5 24. hxg5 Rxg5 25. Rad1 Qc8 26. Qe3 Rgh5 27. Kf1 Qg4 28. Bf3 Qh3+ 29. Ke2 R5h6 30. Rh1 Qe6 31. Rxh6 Rxh6 32. Rh1 Rxh1 33. Bxh1 Qf6 34. Bg2 Ne5 35. Qf4 Qg6 36. Bf3 f6 37. Qf5 Qxf5 38. exf5 b6 39. Bd5 Nd7 40. b4 a5 41. a3 Kh6 42. f4 Kh5 43. Bf3+ Kh6 44. g4 Nf8 45. Bd5 Nd7 46. Bc6 Nb8 47. Bb5 Kg7 48. Ke3 Kf7 49. Ke4 Kf8 50. Kd5 Kf7 51. g5 fxg5 52. fxg5 Kg7 53. Ke6 Kf8 54. g6 axb4 55. cxb4 cxb4 56. axb4 1-0


[Site "https://www.chess.com"]

[Event "Titled Tuesday Blitz March 28 Late 2023"]
[White "Florescu, Codrut-Constantin"]
[Black "Minko, Dmitry"]
[WhiteFideId "1202200"]
[BlackFideId "24188468"]
[WhiteElo "2191"]
[BlackElo "2147"]
[Result "1-0"]
[Round "07"]
[TimeControl "180+2"]
[Date "2023.03.28"]
[WhiteClock "0:01:48"]
[BlackClock "0:00:49"]

1. e4 e5 2. Nf3 Nc6 3. Bc4 Nf6 4. d3 h6 5. a4 g6 6. a5 a6 7. O-O Bg7 8. Nc3 O-O 9. Nd5 d6 10. h3 Kh7 11. c3 Ne7 12. Nxf6+ Bxf6 13. b4 d5 14. Bb3 c6 15. d4 exd4 16. e5 Bg7 17. cxd4 Nf5 18. g4 Nh4 19. Nh2 f5 20. f4 fxg4 21. hxg4 h5 22. gxh5 Bh3 23. hxg6+ Nxg6 24. Qh5+ Bh6 25. Qxh3 1-0


[Site "https://www.chess.com"]

[Event "Titled Tuesday Blitz March 28 Late 2023"]
[White "Popov, Mikhail"]
[Black "Mazurkiewicz, Michal"]
[WhiteFideId "4146182"]
[BlackFideId "1124943"]
[WhiteElo "2270"]
[BlackElo "2054"]
[Result "1-0"]
[Round "07"]
[TimeControl "180+2"]
[Date "2023.03.28"]
[WhiteClock "0:00:16"]
[BlackClock "0:00:03"]

1. d4 Nf6 2. Nf3 g6 3. Bg5 Bg7 4. Nbd2 d5 5. c3 O-O 6. e3 Bf5 7. Be2 c5 8. dxc5 Nc6 9. O-O a5 10. a4 e5 11. Bb5 Re8 12. Nb3 h6 13. Bh4 g5 14. Bg3 Nh5 15. Re1 Bg4 16. Qd2 Be6 17. Bxc6 bxc6 18. Bxe5 Bxe5 19. Nxe5 Qb8 20. Qd1 Qxe5 21. Qxh5 Kg7 22. Nd4 Bd7 23. b4 axb4 24. cxb4 Reb8 25. Reb1 Qe4 26. Qd1 f5 27. Qc2 Qe5 28. Qb2 Kg8 29. Nf3 Qxb2 30. Rxb2 Ra5 31. Nd4 Rxc5 32. bxc5 Rxb2 33. a5 Rb7 34. Kf1 Kf8 35. Ke2 Ke7 36. Kd3 Kd8 37. f4 Kc7 38. Kc3 Kb8 39. Rf1 g4 40. h3 h5 41. hxg4 hxg4 42. Rh1 Ka7 43. Rh6 Ka6 44. Nxc6 Bxc6 45. Rxc6+ Kxa5 46. Rd6 Kb5 47. Rxd5 Re7 48. Kd3 Rf7 49. Kd4 Kc6 50. Re5 Rd7+ 51. Kc3 Rf7 52. Kd3 Rd7+ 53. Ke2 Rf7 54. Kf2 Rd7 55. Rxf5 Rd2+ 56. Kg3 Re2 57. Re5 Kd7 58. Kxg4 Rxg2+ 59. Kf5 Rh2 60. Ke4 Rd2 61. Rd5+ 1-0


[Site "https://www.chess.com"]

[Event "Titled Tuesday Blitz March 28 Late 2023"]
[White "Fernandez, Maria Florencia"]
[Black "Gold_Ocean"]
[WhiteFideId "116459"]
[WhiteElo "2155"]
[BlackElo "2610"]
[Result "0-1"]
[Round "07"]
[TimeControl "180+2"]
[Date "2023.03.28"]
[WhiteClock "0:00:03"]
[BlackClock "0:00:25"]

1. d4 Nf6 2. c4 c5 3. d5 e6 4. Nc3 exd5 5. cxd5 d6 6. e4 g6 7. f4 Bg7 8. Bb5+ Nfd7 9. a4 a6 10. Be2 O-O 11. Nf3 Re8 12. O-O Nf6 13. Nd2 Nbd7 14. Bf3 Rb8 15. Nc4 Qc7 16. Re1 b5 17. axb5 axb5 18. Na5 b4 19. Nb1 Ra8 20. Nb3 Rxa1 21. Nxa1 c4 22. Nc2 Nc5 23. e5 dxe5 24. d6 Qb6 25. Be3 exf4 26. Bf2 Rxe1+ 27. Nxe1 Be6 28. Nd2 Qxd6 29. Nxc4 Qxd1 30. Bxd1 Nce4 31. Be2 Nxf2 32. Kxf2 Ng4+ 33. Bxg4 Bxg4 34. Nd3 Be6 35. b3 Bxc4 36. bxc4 b3 37. Kf3 g5 38. c5 b2 39. Nxb2 Bxb2 40. Ke4 f6 41. Kf5 Be5 42. h3 Kf7 43. c6 Bc7 44. h4 h6 45. hxg5 hxg5 46. Kg4 Ke6 47. Kh5 Kf5 48. Kh6 Kg4 49. Kg7 Kg3 50. Kxf6 Kxg2 51. Ke7 f3 52. Kd7 Bf4 53. Ke6 f2 54. c7 Bxc7 0-1


[Site "https://www.chess.com"]

[Event "Titled Tuesday Blitz March 28 Late 2023"]
[White "Senthilkumar, Pranav"]
[Black "Srinath, Rao S.V."]
[WhiteFideId "2083477"]
[BlackFideId "5028876"]
[WhiteElo "1860"]
[BlackElo "2196"]
[Result "0-1"]
[Round "07"]
[TimeControl "180+2"]
[Date "2023.03.28"]
[WhiteClock "0:00:02"]
[BlackClock "0:00:14"]

1. d4 c5 2. dxc5 e6 3. e4 Bxc5 4. Nf3 a6 5. Bd3 Qc7 6. O-O Nc6 7. Nc3 d6 8. Re1 Nge7 9. Be3 Bxe3 10. Rxe3 Ng6 11. Ne2 O-O 12. Ned4 Bd7 13. Nxc6 Bxc6 14. Nd4 d5 15. exd5 Bxd5 16. Rh3 Qe5 17. c3 Rfd8 18. Re3 Qg5 19. Rg3 Qh4 20. Qg4 Qxg4 21. Rxg4 e5 22. Bxg6 hxg6 23. Nc2 Be6 24. Re4 f6 25. Re2 Bc4 26. Re3 Rd2 27. Na3 Bf7 28. b3 Rad8 29. Kf1 b5 30. Re2 R2d3 31. c4 bxc4 32. Nxc4 Bxc4 33. bxc4 Rc3 34. Rb2 Rxc4 35. Rab1 g5 36. g3 g4 37. Rb8 Rxb8 38. Rxb8+ Kf7 39. Ra8 Ra4 40. Rb8 Rxa2 41. Rb4 f5 42. Rb6 a5 43. Ra6 a4 44. Kg2 e4 45. Kf1 a3 46. Ke1 g6 47. Ra5 Kf6 48. Ra6+ Kg5 49. Ra5 e3 50. fxe3 Kf6 51. Kf1 Ra1+ 52. Kg2 Ra2+ 53. Kg1 Ke6 54. Ra6+ Ke5 55. Rxg6 Ke4 56. Ra6 Kf3 57. h4 Ra1+ 58. Kh2 a2 59. h5 Kxe3 60. h6 f4 61. gxf4 Kf2 62. Rg6 Rh1+ 63. Kxh1 a1=Q+ 64. Kh2 Qg1# 0-1


[Site "https://www.chess.com"]

[Event "Titled Tuesday Blitz March 28 Late 2023"]
[White "Dudzinski, Pawel"]
[Black "Sokac, Marko"]
[WhiteFideId "1117890"]
[BlackFideId "14531356"]
[WhiteElo "2099"]
[BlackElo "2355"]
[Result "1/2-1/2"]
[Round "07"]
[TimeControl "180+2"]
[Date "2023.03.28"]
[WhiteClock "0:00:05"]
[BlackClock "0:00:20"]

1. e4 d6 2. Nc3 Nf6 3. g3 c6 4. Bg2 e5 5. Nge2 Be7 6. a4 b6 7. O-O Bb7 8. d4 Nbd7 9. h3 O-O 10. Be3 Qc7 11. Qd2 Rad8 12. b3 d5 13. exd5 cxd5 14. dxe5 Nxe5 15. Nb5 Qb8 16. Bf4 Ne4 17. Qd4 Bf6 18. Qb4 Rfe8 19. Rad1 a6 20. Nbd4 Qa7 21. Be3 Be7 22. Qe1 Bc5 23. Nf5 Bxe3 24. Nxe3 Qa8 25. Nd4 Rc8 26. Bxe4 dxe4 27. Kg2 Nf3 28. Nxf3 exf3+ 29. Kh2 Be4 30. c4 Qc6 31. Rd4 f5 32. Qd2 Qh6 33. Rd1 f4 34. Nf1 Bf5 35. h4 fxg3+ 36. Nxg3 Qxd2 37. R1xd2 Bg6 38. Rf4 Rf8 39. Rxf8+ Rxf8 40. Rd6 Rb8 41. h5 Bc2 42. Rd7 Bxb3 43. Nf5 g6 44. hxg6 hxg6 45. Ne7+ Kf8 46. Nxg6+ Ke8 47. Rg7 Rc8 48. Rg8+ Kd7 49. Ne5+ Kc7 50. Rxc8+ Kxc8 51. Kg3 Bxa4 52. Kxf3 Kc7 53. Ke4 Bc2+ 54. Kd4 a5 55. f4 a4 56. Kc3 Bd1 57. Kb4 Kd6 58. Nd3 Bc2 59. Nb2 Ke6 60. Nxa4 Kf5 61. Nxb6 Kxf4 62. Kc5 Bb3 63. Nd5+ Kg5 64. Kb5 Bxc4+ 1/2-1/2


[Site "https://www.chess.com"]

[Event "Titled Tuesday Blitz March 28 Late 2023"]
[White "Fernandez Garcia, Gumersindo"]
[Black "Rastbod, Ali"]
[WhiteFideId "24516740"]
[BlackFideId "12567477"]
[WhiteElo "2093"]
[BlackElo "2211"]
[Result "0-1"]
[Round "07"]
[TimeControl "180+2"]
[Date "2023.03.28"]
[WhiteClock "0:00:21"]
[BlackClock "0:00:12"]

1. d4 d5 2. c4 e6 3. cxd5 exd5 4. Nc3 c6 5. Qc2 g6 6. Nf3 Bf5 7. Qb3 Qb6 8. Bf4 Nd7 9. e3 Ngf6 10. Ne5 Be7 11. Be2 O-O 12. h3 Rfe8 13. O-O Nxe5 14. Bxe5 Ne4 15. Nxe4 Bxe4 16. Qxb6 axb6 17. a3 b5 18. f3 Bf5 19. g4 Bc2 20. Rfc1 Bb3 21. Kf2 Bh4+ 22. Kg2 f6 23. Bf4 g5 24. Rc3 gxf4 25. Rxb3 fxe3 26. a4 f5 27. Raa3 Be7 28. Ra1 f4 29. Bd3 Reb8 30. a5 Ra6 31. Bxb5 cxb5 32. Rxb5 b6 33. Rxd5 Rxa5 34. Raxa5 bxa5 35. Re5 Rxb2+ 36. Kf1 Bb4 37. d5 a4 38. Re4 a3 39. d6 Bxd6 40. g5 a2 41. Ra4 e2+ 0-1


[Site "https://www.chess.com"]

[Event "Titled Tuesday Blitz March 28 Late 2023"]
[White "Yeritsyan, Hayk"]
[Black "Fiorito, Joaquin"]
[WhiteFideId "13307320"]
[BlackFideId "180173"]
[WhiteElo "2441"]
[BlackElo "2157"]
[Result "1-0"]
[Round "07"]
[TimeControl "180+2"]
[Date "2023.03.28"]
[WhiteClock "0:00:10"]
[BlackClock "0:00:02"]

1. d4 Nf6 2. Nf3 d5 3. e3 c6 4. Bd3 Bg4 5. Nbd2 Nbd7 6. c3 e5 7. dxe5 Nxe5 8. Be2 Nxf3+ 9. Bxf3 Bxf3 10. Qxf3 Bd6 11. O-O O-O 12. e4 dxe4 13. Nxe4 Nxe4 14. Qxe4 Qc7 15. g3 Rfe8 16. Qf3 Rad8 17. Be3 a6 18. Rfd1 Be5 19. Rxd8 Rxd8 20. Rd1 Rxd1+ 21. Qxd1 h6 22. Qd3 Qd6 23. Qxd6 Bxd6 24. c4 f6 25. g4 Kf7 26. h3 Ke6 27. f3 b5 28. b3 f5 29. Kf1 Be5 30. Ke2 Bb2 31. Kd3 Ke5 32. Bd2 f4 33. Ba5 g5 34. Bc7+ Ke6 35. Ke4 Bf6 36. a4 bxa4 37. bxa4 Bb2 38. Bb8 Bf6 39. Ba7 Bc3 40. Bb6 Bb2 41. Bf2 Bf6 42. Be1 Bb2 43. h4 Be5 44. hxg5 hxg5 45. Bb4 Bf6 46. Bc5 Bc3 47. Bb6 Bf6 48. Bc7 Be7 49. Kd4 Kd7 50. Be5 Ke6 51. Bh8 Ba3 52. Ke4 Be7 53. Be5 Bd8 54. Bb8 Be7 55. Kd4 Bf8 56. Be5 Ba3 57. Ke4 Be7 58. Bd4 Bd8 59. Bb2 Be7 60. Bc3 Bd8 61. Bd4 Be7 62. Kd3 Bd8 63. Bf2 Ba5 64. Ke4 Bd8 65. Bd4 Be7 66. Kd3 Bd8 67. Kc3 Ba5+ 68. Kb3 Bd8 69. Kb4 a5+ 70. Kc5 Kd7 71. Be5 Be7+ 72. Kd4 Bb4 73. Ke4 Ke6 74. Bd4 Be7 75. Bb6 Bb4 76. Bd8 Bd6 77. Bxa5 c5 78. Bd8 Kd7 79. Bxg5 Kc6 80. Bxf4 1-0


[Site "https://www.chess.com"]

[Event "Titled Tuesday Blitz March 28 Late 2023"]
[White "Hoffmann, Asa"]
[Black "Grebeniuk, Semen"]
[WhiteFideId "2001470"]
[BlackFideId "14117509"]
[WhiteElo "2117"]
[BlackElo "2266"]
[Result "0-1"]
[Round "07"]
[TimeControl "180+2"]
[Date "2023.03.28"]
[WhiteClock "0:00:23"]
[BlackClock "0:00:40"]

1. d4 f5 2. Nc3 Nf6 3. Bg5 d5 4. f3 c5 5. e4 fxe4 6. fxe4 dxe4 7. dxc5 Qa5 8. Bb5+ Bd7 9. Bxd7+ Nbxd7 10. Ne2 Qxc5 11. Qd2 O-O-O 12. O-O-O e5 13. Bxf6 gxf6 14. Nxe4 Qb6 15. Nd6+ Bxd6 16. Qxd6 Qe3+ 17. Qd2 Qxd2+ 18. Rxd2 Nc5 19. Rf1 Rxd2 20. Kxd2 Kd7 21. Nc3 Ke6 22. b4 Na6 23. a3 Rd8+ 24. Ke3 Nc7 25. g4 Rd4 26. h3 h5 27. Rg1 hxg4 28. Rxg4 Rxg4 29. hxg4 Nd5+ 30. Nxd5 Kxd5 31. Kd3 b5 32. c3 e4+ 33. Ke3 Ke5 34. Kd2 Kf4 35. c4 bxc4 36. b5 e3+ 37. Kc2 e2 38. Kd2 Kf3 0-1


[Site "https://www.chess.com"]

[Event "Titled Tuesday Blitz March 28 Late 2023"]
[White "Janaszak, Dawid"]
[Black "Melikhov, Evgeny V."]
[WhiteFideId "1119206"]
[BlackFideId "4122046"]
[WhiteElo "2220"]
[BlackElo "2158"]
[Result "1-0"]
[Round "07"]
[TimeControl "180+2"]
[Date "2023.03.28"]
[WhiteClock "0:01:35"]
[BlackClock "0:01:18"]

1. e4 e5 2. Nf3 Nc6 3. d4 exd4 4. Nxd4 Bc5 5. Nb3 Bb6 6. Nc3 Nf6 7. Bg5 h6 8. Bh4 g5 9. Bg3 d6 10. Qd2 Nh5 11. Nd5 Nxg3 12. hxg3 Be6 13. Qc3 Ne5 14. f4 Ng6 15. f5 Bxd5 16. fxg6 Qe7 17. Qxh8+ Kd7 18. Qxa8 Qxe4+ 19. Be2 Bc4 20. O-O-O Bxe2 21. gxf7 Be3+ 22. Kb1 Bxd1 23. Rxd1 1-0


[Site "https://www.chess.com"]

[Event "Titled Tuesday Blitz March 28 Late 2023"]
[White "Bilan, Danila"]
[Black "Rios Escobar, Adan"]
[WhiteFideId "24161918"]
[BlackFideId "3403645"]
[WhiteElo "2182"]
[BlackElo "2418"]
[Result "1-0"]
[Round "07"]
[TimeControl "180+2"]
[Date "2023.03.28"]
[WhiteClock "0:00:35"]
[BlackClock "0:00:01"]

1. d4 Nf6 2. Nf3 g6 3. Bg5 Bg7 4. c3 c5 5. e3 Qb6 6. Qb3 Qxb3 7. axb3 cxd4 8. exd4 O-O 9. Nbd2 b6 10. Bd3 Bb7 11. b4 h6 12. Bh4 g5 13. Bg3 g4 14. Nh4 e6 15. O-O a6 16. Nc4 b5 17. Nb6 Ra7 18. Bxb5 Nc6 19. Bd3 d5 20. Ra2 Ne4 21. Rfa1 Nxg3 22. hxg3 e5 23. dxe5 Bxe5 24. Bxa6 d4 25. Bxb7 Rxb7 26. Nd5 dxc3 27. bxc3 Rd8 28. Rd1 Rbd7 29. Rad2 Kf8 30. Rd3 Ne7 31. c4 Nxd5 32. Rxd5 Rxd5 33. Rxd5 Rxd5 34. cxd5 h5 35. Nf5 Ke8 36. Kf1 Kd7 37. Ke2 Kc7 38. Kd3 Kb6 39. Kc4 f6 40. Ng7 1-0


[Site "https://www.chess.com"]

[Event "Titled Tuesday Blitz March 28 Late 2023"]
[White "MKlose11"]
[Black "Bochnicka, Vladimir"]
[BlackFideId "14943450"]
[WhiteElo "2545"]
[BlackElo "2094"]
[Result "0-1"]
[Round "07"]
[TimeControl "180+2"]
[Date "2023.03.28"]
[WhiteClock "0:00:02"]
[BlackClock "0:00:38"]

1. e4 c5 2. Nc3 Nc6 3. g3 g6 4. Bg2 Bg7 5. d3 e6 6. Be3 d6 7. Qd2 Nge7 8. Bh6 Bf6 9. Nge2 Bd7 10. h4 a6 11. O-O Qc7 12. a4 Rb8 13. f4 Ng8 14. Bg5 Bd4+ 15. Nxd4 cxd4 16. Nd5 exd5 17. exd5 Nce7 18. Rae1 f6 19. Qf2 fxg5 20. Qxd4 Qc5 21. Qxc5 dxc5 22. d6 Kd8 23. dxe7+ Nxe7 24. fxg5 Nf5 25. Kh2 Kc7 26. g4 Nd6 27. Kg3 Rbe8 28. b3 Rxe1 29. Rxe1 Re8 30. Rc1 Bc6 31. Bxc6 Kxc6 32. Kf3 Kd5 33. h5 Kd4 34. hxg6 hxg6 35. Rh1 Kc3 36. Rh6 Re6 37. Rh2 b5 38. axb5 Nxb5 39. Kf4 Nc7 40. Kf3 Nd5 41. Rh8 Kxc2 42. Rc8 Kxb3 43. Rxc5 Ne7 44. d4 Kb4 45. Rc7 a5 46. Rb7+ Kc4 47. Ra7 Nc6 48. Ra8 Nxd4+ 49. Kg3 Kb4 50. Kf4 a4 51. Rf8 a3 52. Rb8+ Nb5 53. Ra8 Re2 54. Ra6 a2 55. Kf3 Rb2 56. Kf4 Kb3 57. Ke5 Na3 58. Kf6 a1=Q 59. Kxg6 Rg2 0-1


[Site "https://www.chess.com"]

[Event "Titled Tuesday Blitz March 28 Late 2023"]
[White "cryptoguru02"]
[Black "Vafin, Ayrat"]
[BlackFideId "4146530"]
[WhiteElo "2534"]
[BlackElo "2317"]
[Result "0-1"]
[Round "07"]
[TimeControl "180+2"]
[Date "2023.03.28"]
[WhiteClock "0:00:08"]
[BlackClock "0:01:15"]

1. d4 d5 2. c4 e6 3. Nc3 Be7 4. Nf3 Nf6 5. Bf4 O-O 6. e3 b6 7. Bd3 Bb7 8. O-O Nbd7 9. cxd5 Nxd5 10. Nxd5 Bxd5 11. e4 Bb7 12. Rc1 c5 13. d5 exd5 14. exd5 Bxd5 15. Bxh7+ Kxh7 16. Qxd5 Nf6 17. Qf5+ g6 18. Qh3+ Kg7 19. Bh6+ Kg8 20. Bxf8 Bxf8 21. Rcd1 Qc8 22. Qh4 Bg7 23. b3 Qf5 24. Rfe1 Rc8 25. Qc4 Nh5 26. Rd5 Qf6 27. Rde5 Qc6 28. Re7 Rf8 29. Rxf7 Rxf7 30. Ng5 Qf6 31. Re8+ Bf8 32. Qxf7+ Qxf7 33. Nxf7 Kxf7 34. Ra8 b5 35. Rxa7+ Ke6 36. a3 Nf4 37. Rb7 c4 38. Rxb5 c3 39. Rb6+ Kd5 40. Rb8 c2 41. Rc8 Bc5 42. b4 c1=Q# 0-1


[Site "https://www.chess.com"]

[Event "Titled Tuesday Blitz March 28 Late 2023"]
[White "Dmitrenko, Viktor"]
[Black "Remolar Gallen, Jose"]
[WhiteFideId "14110270"]
[BlackFideId "2215187"]
[WhiteElo "2292"]
[BlackElo "2223"]
[Result "1-0"]
[Round "07"]
[TimeControl "180+2"]
[Date "2023.03.28"]
[WhiteClock "0:00:20"]
[BlackClock "0:00:03"]

1. d4 Nf6 2. c4 g6 3. Nc3 c5 4. d5 Bg7 5. e4 O-O 6. Be2 d6 7. Nf3 e6 8. O-O exd5 9. cxd5 Re8 10. Nd2 Na6 11. Re1 Nc7 12. Qc2 Bd7 13. a4 a6 14. Nc4 Bf8 15. Bf4 Bg4 16. f3 Nh5 17. Be3 Bd7 18. g4 Ng7 19. Bf4 Qf6 20. Qd2 b5 21. Nb6 Rad8 22. Bg5 Qd4+ 23. Qxd4 cxd4 24. Bxd8 Rxd8 25. Nd1 Be8 26. Rc1 Na8 27. Nxa8 Rxa8 28. a5 Be7 29. b4 f5 30. Nf2 Bg5 31. Rc2 Be3 32. Kg2 Bd7 33. Rc7 Be8 34. Rd1 Kf8 35. Bd3 f4 36. e5 dxe5 37. Ne4 Bf7 38. Nf6 Ne8 39. Nxe8 Kxe8 40. Be4 Rd8 41. Rc6 Bxd5 42. Bxd5 Rxd5 43. Rxa6 d3 44. Rc6 d2 45. a6 Kd7 46. Rc2 Rd6 47. Ra2 Ba7 48. Rdxd2 Rxd2+ 49. Rxd2+ Kc6 50. Re2 Kd5 51. Rc2 e4 52. Rc7 Bb6 53. a7 Bxc7 54. a8=Q+ Kd6 55. Qxe4 1-0


[Site "https://www.chess.com"]

[Event "Titled Tuesday Blitz March 28 Late 2023"]
[White "marik_spb"]
[Black "Belov, Alexei"]
[BlackFideId "4128206"]
[WhiteElo "2415"]
[BlackElo "2531"]
[Result "0-1"]
[Round "07"]
[TimeControl "180+2"]
[Date "2023.03.28"]
[WhiteClock "0:00:01"]
[BlackClock "0:01:08"]

1. d4 e6 2. c4 d5 3. Nf3 Nf6 4. g3 Be7 5. Bg2 O-O 6. O-O dxc4 7. Ne5 Nc6 8. Nxc6 bxc6 9. Bxc6 Rb8 10. Nc3 Bb7 11. Bxb7 Rxb7 12. Qc2 Qxd4 13. Be3 Qg4 14. Rfd1 Rfb8 15. Rab1 Qh5 16. f3 Bc5 17. Bxc5 Qxc5+ 18. Kg2 c6 19. e4 g5 20. Qe2 h6 21. Rd2 Nd7 22. f4 Nf6 23. Kh1 Rd7 24. Rxd7 Nxd7 25. Rd1 Nf6 26. e5 Nd5 27. fxg5 hxg5 28. Ne4 Qe3 29. Re1 Qxe2 30. Rxe2 g4 31. Rc2 Ne3 32. Rc3 Nd1 33. Rxc4 Rxb2 34. Rxc6 Ne3 35. Nf6+ Kg7 36. Kg1 Rg2+ 37. Kh1 Rxa2 38. Kg1 Nd5 39. Nxg4 a5 40. Ra6 a4 41. h4 a3 42. h5 Ra1+ 43. Kh2 a2 44. Ra7 Nb4 45. h6+ Kg6 46. h7 Kxh7 47. Rxf7+ Kg8 48. Ra7 Rd1 49. Nf6+ Kf8 50. Ra8+ Kf7 51. Ra7+ Kg6 52. Ra4 a1=Q 53. Rxa1 Rxa1 0-1


[Site "https://www.chess.com"]

[Event "Titled Tuesday Blitz March 28 Late 2023"]
[White "Martin Barcelo, Carles"]
[Black "Chylewski, Patryk"]
[WhiteFideId "24561444"]
[BlackFideId "1186191"]
[WhiteElo "2089"]
[BlackElo "2163"]
[Result "1-0"]
[Round "07"]
[TimeControl "180+2"]
[Date "2023.03.28"]
[WhiteClock "0:00:15"]
[BlackClock "0:00:04"]

1. d4 Nf6 2. Nf3 e6 3. e3 b6 4. Bd3 Bb7 5. O-O d5 6. b3 Bd6 7. Bb2 O-O 8. Nbd2 c5 9. Ne5 Nc6 10. f4 Ne7 11. Qf3 Nf5 12. g4 Nh4 13. Qh3 Ne4 14. Ndf3 Nxf3+ 15. Nxf3 f6 16. Rad1 Rc8 17. Nd2 cxd4 18. Nxe4 dxe4 19. Bc4 Qe7 20. Bxd4 Rfd8 21. g5 Rxc4 22. gxf6 gxf6 23. bxc4 Kh8 24. Kh1 Rf8 25. Qh4 Bc5 26. Rg1 Bxd4 27. Rxd4 Bc6 28. Qh6 Rc8 29. Rd2 Be8 30. Rdg2 Ba4 31. Rg7 1-0


[Site "https://www.chess.com"]